 Dungeon Crawl Stone Soup version 0.26.1-11-gd32895ea62 (webtiles) character file.

Game seed: 9312834626844151197

94 Silvore the Slasher (level 4, -4/29 HPs)
             Began as a Demonspawn Gladiator on June 29, 2021.
             Was an Initiate of Hepliaklqana.
             Slain by an iron imp (10 damage)
             ... summoned by Natasha
             ... on level 2 of the Dungeon.
             The game lasted 00:04:12 (2542 turns).

Silvore the Slasher (Demonspawn Gladiator)          Turns: 2542, Time: 00:04:13

Health: -4/29      AC:  3    Str: 16    XL:     4   Next: 38%
Magic:  4/4        EV: 12    Int: 11    God:    Hepliaklqana [......]
Gold:   104        SH:  3    Dex: 14    Spells: 3/3 levels left

rFire    . . .     SeeInvis .   a - +0 long sword
rCold    . . .     Faith    .   l - +0 buckler (curse)
rNeg     . . .     Spirit   .   b - +0 leather armour
rPois    .         Reflect  .   (helmet restricted)
rElec    .         Harm     .   (no cloak)
rCorr    .         Rampage  .   (no gloves)
Will     .....                  (no boots)
Stlth    +.........             (no amulet)
HPRegen  0.09/turn              (no ring)
MPRegen  0.09/turn              (no ring)

@: slowed, very slow
A: reduced essence, antennae 1, big brain 1
a: Renounce Religion, Recall Ancestor, Ancestor Identity


You were on level 2 of the Dungeon.
You worshipped Hepliaklqana.
Hepliaklqana was noncommittal.
You visited 1 branch of the dungeon, and saw 2 of its levels.

You collected 104 gold pieces.

Inventory:

Hand Weapons
 a - a +0 long sword (weapon)
Missiles
 d - 3 throwing nets (quivered)
Armour
 b - a +0 leather armour (worn)
 c - a +0 helmet
 l - a cursed +0 buckler (worn)
Scrolls
 i - a scroll of identify
 j - a scroll of fear {unknown}
 m - a scroll of remove curse {unknown}
Potions
 e - a potion of mutation
 f - a potion of might {unknown}
 g - 2 potions of attraction {unknown}
 h - a potion of haste {unknown}
 k - a potion of brilliance {unknown}
 n - 2 potions of curing {unknown}


   Skills:
 + Level 2.2 Fighting
 + Level 3.6 Long Blades
 + Level 2.1 Throwing
 + Level 1.7 Armour
 + Level 3.0 Dodging


You had 3 spell levels left.
You didn't know any spells.
Your spell library was empty.

Dungeon Overview and Level Annotations

Branches:
Dungeon (2/15)

Altars:
Hepliaklqana
Makhleb
Xom

Annotations:
D:2 Natasha


Innate Abilities, Weirdness & Mutations

You have a pair of small antennae on your head.
You have an unusually large brain. (Int +2)
Your life essence is reduced to manifest your ancestor. (-10% HP)


Message History

The iron imp is heavily wounded.
Something claws Chitauli.
The iron imp misses you.
Chitauli closely misses the iron imp.
Something claws Chitauli!
You block the iron imp's attack.
Chitauli completely misses the iron imp.
You barely miss the iron imp.
The iron imp is heavily wounded.
The iron imp hits you.
* * * LOW HITPOINT WARNING * * *
Something hits Chitauli.
Chitauli is destroyed!
The iron imp closely misses you.
You hit the iron imp.
The iron imp is heavily wounded.
The iron imp hits you but does no damage.
The crimson imp blinks!
You barely miss the iron imp.
The iron imp is heavily wounded.
The iron imp hits you!
You die...

#.#
#.####...#####.....
#5#
#...........##.##.#
#.#
#..###...##.#...#.#
#.# #..#
##.###...#...# #.#
#..# #...).(###..#
#.#####..#
#####..)#..##
#.†55h.§h# #.#.(.##
########5# #)##.##
#@# #.##.####
#.########.##.....
#..........#######
############


You could see an iron imp (summoned) and Natasha.

Vanquished Creatures
  Terence (D:2)
  3 adders (D:2)
  A dart slug (D:2)
  2 leopard geckos
  2 giant cockroaches
  2 goblins (D:1)
  2 hobgoblins (D:1)
  9 kobolds
  6 bats
  A frilled lizard (D:2)
  4 rats (D:2)
33 creatures vanquished.

Vanquished Creatures (collateral kills)
  A worm (D:2)
1 creature vanquished.

Vanquished Creatures (others)
  4 ancestors (D:2)
4 creatures vanquished.

Grand Total: 38 creatures vanquished

Notes
Turn   | Place    | Note
-------+----------+-------------------------------------------
     0 | D:1      | Silvore the Demonspawn Gladiator began the quest for the
                  | Orb.
     0 | D:1      | Reached XP level 1. HP: 16/16 MP: 1/1
   209 | D:1      | Gained mutation: You have a pair of small antennae on your
                  | head. [demonic ancestry]
   209 | D:1      | Reached XP level 2. HP: 17/22 MP: 2/2
  1070 | D:2      | Gained mutation: You have an unusually large brain. (Int
                  | +2) [demonic ancestry]
  1070 | D:2      | Reached XP level 3. HP: 19/27 MP: 3/3
  1378 | D:2      | Found a shimmering altar of Xom.
  1379 | D:2      | Found a hazy altar of Hepliaklqana.
  1380 | D:2      | Noticed a spectral ugly thing
  1389 | D:2      | Became a worshipper of Hepliaklqana the Forgotten
  1424 | D:2      | Reached skill level 1 in Armour
  1721 | D:2      | Noticed Terence
  1751 | D:2      | Killed Terence
  1752 | D:2      | Reached XP level 4. HP: 5/29 MP: 4/4
  2184 | D:2      | Found a burning altar of Makhleb.
  2186 | D:2      | Noticed a balrug
  2483 | D:2      | Noticed Natasha
  2542 | D:2      | Slain by an iron imp

Illustrated notes

Levels and vault maps discovered:
D:1:      dpeg_arrival_leaves_temple_mockup, layout_basic
D:2:      layout_loops_ring, regret_index_temple_of_mockery,
          makhleb_altar_promises_db, uniq_natasha, uniq_terence

Skill      XL: |  1  2  3 |
---------------+----------+-----
Throwing       | 2 |  2.1
Long Blades    | 3 |  3.6
Armour         | 1 |  1.7
Dodging        | 3 |  3.0
Fighting       | |  2.2

Action                   |  1- 3 |  4- 6 || total
-------------------------+-------+-------++-------
Melee: Long sword        |    80 |    33 ||   113
       Unarmed           |       |     4 ||     4
Invok: Ancestor Identity |     1 |       ||     1
  Use: Scroll            |     3 |       ||     3
Armor: Leather armour    |    22 |     8 ||    30
Dodge: Dodged            |    68 |    28 ||    96
Block: Buckler           |     1 |     8 ||     9
       Rpst.: Long sword |    19 |     5 ||    24
